[Event "December 5 Early 2023"]
[Site "https://www.chess.com"]
[Date "2023.12.05"]
[Round "3"]
[White "Colonetti, Fabio"]
[Black "Herman, Matthew"]
[Result "0-1"]
[Board "201"]
[TimeControl "180+1"]
[WhiteFideId "897612"]
[BlackFideId "2028964"]
[WhiteElo "2282"]
[BlackElo "2485"]
[WhiteTeam "ITA"]
[BlackTeam "USA"]
[WhiteClock "0:00:07"]
[BlackClock "0:00:18"]

1. e4 e5 2. Nf3 Nc6 3. Bb5 a6 4. Ba4 Nf6 5. d3 b5 6. Bb3 Bc5 7. c3 d6 8. O-O Bg4 9. h3 Bh5 10. a4 b4 11. Bg5 h6 12. Bxf6 Qxf6 13. Bd5 Kd7 14. cxb4 Bxf3 15. gxf3 Nxb4 16. Bxa8 Rxa8 17. Nc3 Qg5+ 18. Kh2 Qf4+ 19. Kg2 Qg5+ 20. Kh1 Qh4 21. Kg2 Re8 22. Qd2 Re6 23. Rh1 Nxd3 24. Kf1 Rf6 25. Ke2 Nxf2 26. Nd5 Rxf3 27. Kxf3 Qxe4+ 28. Kg3 Nxh1+ 29. Kh2 Nf2 30. Rf1 Qf3 31. b4 Qxh3+ 32. Kg1 Qh1# 0-1

[Event "December 5 Early 2023"]
[Site "https://www.chess.com"]
[Date "2023.12.05"]
[Round "3"]
[White "Nikologorsky, Matfei"]
[Black "Shubhi Gupta"]
[Result "0-1"]
[Board "202"]
[TimeControl "180+1"]
[WhiteFideId "24102474"]
[BlackFideId "25195425"]
[WhiteElo "2479"]
[BlackElo "2280"]
[WhiteTeam "FID"]
[BlackTeam "IND"]
[WhiteClock "0:00:10"]
[BlackClock "0:00:17"]

1. e4 e5 2. Nf3 Nc6 3. Bb5 a6 4. Ba4 Nf6 5. O-O Be7 6. Re1 b5 7. Bb3 d6 8. c3 O-O 9. a4 Rb8 10. d4 Bg4 11. h3 Bxf3 12. Qxf3 exd4 13. axb5 axb5 14. Qg3 Re8 15. Bd5 Nxd5 16. exd5 Ne5 17. cxd4 Bh4 18. Qc3 b4 19. Qd2 Nc4 20. Qd1 Qf6 21. g3 Qg6 22. Kg2 f5 23. b3 Nb6 24. Ra5 Rxe1 25. Qxe1 Re8 26. Qxb4 Bxg3 27. fxg3 f4 28. Bxf4 Qxb1 29. Qd2 Qe4+ 30. Kf2 Nxd5 31. Ra1 Nxf4 32. gxf4 Rf8 33. Kg3 Qg6+ 34. Kh2 Qe4 35. Rf1 g5 36. Rg1 h6 37. fxg5 h5 38. Re1 Qf5 39. Qe3 Qc2+ 40. Re2 Qf5 41. Qe6+ Qxe6 42. Rxe6 Rf3 43. b4 Rb3 44. Re8+ Kf7 45. Rc8 Rxb4 46. Rxc7+ Kg6 47. d5 Rd4 48. h4 Rxh4+ 49. Kg3 Rd4 50. Rc8 Rxd5 51. Rg8+ Kf7 52. Rd8 Rxg5+ 53. Kh4 Rd5 54. Rh8 Kg6 55. Rg8+ Kf7 56. Rh8 Re5 57. Rxh5 Rxh5+ 58. Kxh5 Ke6 59. Kg4 Kd5 60. Kf3 Kc4 61. Ke3 d5 62. Kd2 Kd4 63. Ke2 Kc3 64. Kd1 Kd3 65. Kc1 Ke2 66. Kc2 d4 67. Kc1 d3 68. Kb2 d2 69. Kc3 d1=Q 0-1

[Event "December 5 Early 2023"]
[Site "https://www.chess.com"]
[Date "2023.12.05"]
[Round "3"]
[White "Pourkashiyan, Atousa"]
[Black "Llari, Marc"]
[Result "1-0"]
[Board "203"]
[TimeControl "180+1"]
[WhiteFideId "12502014"]
[BlackFideId "651044269"]
[WhiteElo "2474"]
[BlackElo "2274"]
[WhiteTeam "USA"]
[BlackTeam "FRA"]
[WhiteClock "0:00:27"]
[BlackClock "0:00:37"]

1. e4 e6 2. d4 d5 3. e5 c5 4. c3 Qb6 5. Nf3 Bd7 6. Be2 Bb5 7. O-O Nc6 8. Be3 Bxe2 9. Qxe2 h5 10. Nbd2 Nh6 11. dxc5 Bxc5 12. Bxc5 Qxc5 13. Nb3 Qe7 14. Nbd4 Nxd4 15. Nxd4 O-O 16. Qxh5 a6 17. Rad1 b5 18. Rd3 f5 19. exf6 Rxf6 20. Re3 Raf8 21. Qxd5 Rxf2 22. Rxf2 Rxf2 23. Rxe6 Qf7 24. Re8+ Kh7 25. Qxf7 Rxf7 26. Re6 Ng4 27. h3 Nf2 28. Nf3 Nd1 29. Ng5+ Kg8 30. Nxf7 Kf8 31. Ne5 1-0

[Event "December 5 Early 2023"]
[Site "https://www.chess.com"]
[Date "2023.12.05"]
[Round "3"]
[White "Buksa, Nataliya"]
[Black "Obon Temprano, Sergi"]
[Result "1-0"]
[Board "204"]
[TimeControl "180+1"]
[WhiteFideId "14123622"]
[BlackFideId "2226545"]
[WhiteElo "2464"]
[BlackElo "2271"]
[WhiteTeam "UKR"]
[BlackTeam "ESP"]
[WhiteClock "0:00:40"]
[BlackClock "0:00:02"]

1. d4 d5 2. Nc3 Nf6 3. Bf4 e6 4. Nb5 Na6 5. e3 c6 6. Nc3 Nc7 7. Nf3 Bd6 8. Bd3 O-O 9. O-O b6 10. Ne5 Bb7 11. Ne2 Qe7 12. c3 Nd7 13. Qc2 g6 14. Nxd7 Qxd7 15. Bxd6 Qxd6 16. e4 c5 17. e5 Qe7 18. Ng3 Ba6 19. Bxa6 Nxa6 20. Qd3 c4 21. Qe3 Kg7 22. Ne2 f5 23. exf6+ Qxf6 24. f4 Nc7 25. Rae1 Rae8 26. Kh1 Rf7 27. Ng1 Ref8 28. g3 Re7 29. Nf3 Ne8 30. Ng5 Nc7 31. Re2 h6 32. Nf3 Ne8 33. Rfe1 Nd6 34. Nd2 Nf5 35. Qe5 Qxe5 36. Rxe5 Rfe8 37. Kg2 Kf6 38. a4 Nd6 39. g4 Nf7 40. R5e3 Nd6 41. h4 Kf7 42. Nf3 Kg7 43. Ne5 Ne4 44. Rxe4 dxe4 45. Nxc4 Rf8 46. Rxe4 Ref7 47. Rxe6 Rxf4 48. Ne5 Rf2+ 49. Kg3 Rxb2 50. Rxg6+ Kh7 51. Rc6 Rb3 52. Rc7+ Kg8 53. g5 hxg5 54. hxg5 Rf1 55. Kg4 Rb2 56. Kh5 Rg2 57. Kg6 a5 58. Nd7 Re2 59. Rc8+ 1-0

[Event "December 5 Early 2023"]
[Site "https://www.chess.com"]
[Date "2023.12.05"]
[Round "3"]
[White "Shevchuk, Olexandr"]
[Black "Rodriguez Santiago, Jaime"]
[Result "1-0"]
[Board "205"]
[TimeControl "180+1"]
[WhiteFideId "14113775"]
[BlackFideId "3100898"]
[WhiteElo "2463"]
[BlackElo "2265"]
[WhiteTeam "UKR"]
[BlackTeam "PUR"]
[WhiteClock "0:01:11"]
[BlackClock "0:00:00"]

1. c4 Nf6 2. g3 e6 3. Bg2 d5 4. Nf3 c5 5. cxd5 exd5 6. d4 Nc6 7. O-O Be7 8. b3 O-O 9. Bb2 Bf5 10. Nc3 Rc8 11. Rc1 h6 12. dxc5 Bxc5 13. e3 Nb4 14. Ne1 d4 15. exd4 Bxd4 16. a3 Nc6 17. Nf3 Bb6 18. Na4 Qxd1 19. Rfxd1 Bd8 20. h3 Be6 21. Nc5 Bf5 22. g4 Bg6 23. Nh4 Bh7 24. Nxb7 Be4 25. Nxd8 Bxg2 26. Kxg2 Rcxd8 27. Rxd8 Nxd8 28. Bxf6 gxf6 29. Nf5 Ne6 30. Nxh6+ Kh7 31. Nf5 Rd8 32. Rc3 Rd2 33. Kg3 Ng5 34. f3 Ne6 35. h4 Ra2 36. b4 Rd2 37. a4 Nd8 38. Rc7 Kg8 39. Rxa7 Ne6 40. b5 Nc5 41. Ra8+ Kh7 42. Rf8 Nd3 43. Rxf7+ Kg8 44. Rxf6 Ne1 45. Re6 Nd3 46. h5 Nf2 47. h6 Nh1+ 48. Kf4 Nf2 49. Re7 Nh3+ 50. Kg3 Ng5 51. Rg7+ Kh8 52. Rxg5 1-0

[Event "December 5 Early 2023"]
[Site "https://www.chess.com"]
[Date "2023.12.05"]
[Round "3"]
[White "Travkina, Anastasia"]
[Black "Kraiouchkine, Nikita"]
[Result "1-0"]
[Board "206"]
[TimeControl "180+1"]
[WhiteFideId "24129151"]
[BlackFideId "2607140"]
[WhiteElo "2255"]
[BlackElo "2461"]
[WhiteTeam "RUS"]
[BlackTeam "CAN"]
[WhiteClock "0:00:22"]
[BlackClock "0:00:01"]

1. e4 e5 2. Nf3 Nc6 3. Bc4 Nf6 4. d4 exd4 5. Ng5 d5 6. exd5 Ne5 7. Qe2 Qe7 8. O-O Bg4 9. f3 Bh5 10. Bf4 Nfd7 11. Nd2 O-O-O 12. Rae1 Re8 13. Qf2 h6 14. d6 cxd6 15. Nge4 g5 16. Bg3 Bg7 17. Nb3 f5 18. Bxe5 dxe5 19. Ned2 Qd6 20. Bb5 Re7 21. Nc4 Qc7 22. Nxd4 Nb6 23. Nxf5 Rf7 24. Ncd6+ Kb8 25. Nxf7 Qxf7 26. Nxg7 Qxg7 27. Qc5 Rc8 28. Qxe5+ Qxe5 29. Rxe5 Rxc2 30. Re2 Rc5 31. Bd3 Nd5 32. Re5 b6 33. Be4 Nf4 34. Rxc5 bxc5 35. Kf2 Bf7 36. Rc1 c4 37. b3 cxb3 38. axb3 Ne6 39. Rc4 Nc7 40. Rd4 Kc8 41. Bc6 Bxb3 42. Rb4 Be6 43. h4 Nd5 44. Bxd5 Bxd5 45. hxg5 hxg5 46. Rg4 Kc7 47. Rxg5 Kd6 48. Rg6+ Kc7 49. Ra6 Kb7 50. Ra5 Bc4 51. g4 Kb6 52. Ra1 a5 53. f4 a4 54. f5 Kb5 55. g5 Kb4 56. g6 Bd3 57. g7 Bc4 58. f6 a3 59. Ke3 Kb3 60. Kf4 Kb2 61. Rxa3 Kxa3 62. Kg5 Kb4 63. Kg6 Kc5 64. f7 1-0

[Event "December 5 Early 2023"]
[Site "https://www.chess.com"]
[Date "2023.12.05"]
[Round "3"]
[White "Parfenov, Viktor N."]
[Black "Joel Paul Ganta"]
[Result "0-1"]
[Board "207"]
[TimeControl "180+1"]
[WhiteFideId "4165969"]
[BlackFideId "35066145"]
[WhiteElo "2451"]
[BlackElo "2241"]
[WhiteTeam "RUS"]
[BlackTeam "IND"]
[WhiteClock "0:01:41"]
[BlackClock "0:02:01"]

1. d4 f6 2. e4 g6 3. Nf3 Bg7 4. Bc4 e6 5. O-O Ne7 6. Re1 O-O 7. Nbd2 d5 8. Bb3 c6 9. c4 Nd7 10. exd5 exd5 11. Nb1 Nb6 12. cxd5 Nexd5 13. Nc3 Bg4 14. h3 Bf5 15. a3 Qd7 16. Bd2 Rfe8 17. Rxe8+ Rxe8 18. Qf1 Bf8 19. Re1 Bd6 20. Ne4 Rxe4 0-1

[Event "December 5 Early 2023"]
[Site "https://www.chess.com"]
[Date "2023.12.05"]
[Round "3"]
[White "Fernandez Sanchez, Mario Andres"]
[Black "Yurasova, Daria"]
[Result "0-1"]
[Board "208"]
[TimeControl "180+1"]
[WhiteFideId "6501621"]
[BlackFideId "34146919"]
[WhiteElo "2233"]
[BlackElo "2445"]
[WhiteTeam "CRC"]
[BlackTeam "RUS"]
[WhiteClock "0:00:00"]
[BlackClock "0:00:11"]

1. d4 d5 2. Bf4 Nf6 3. Nc3 Bf5 4. f3 e6 5. g4 Bg6 6. h4 h5 7. g5 Nfd7 8. e3 c5 9. Bd3 Bxd3 10. Qxd3 g6 11. O-O-O c4 12. Qd2 a6 13. Nge2 b5 14. Ng3 b4 15. Nce2 Nc6 16. e4 Qa5 17. Kb1 Be7 18. b3 c3 19. Qc1 Qb6 20. exd5 exd5 21. Rhe1 a5 22. Qe3 a4 23. Nc1 axb3 24. cxb3 O-O 25. Re2 Ra5 26. Rde1 Rfa8 27. Qd3 Bf8 28. Re8 Qxd4 29. Rxa8 Rxa8 30. Nge2 Qxd3+ 31. Nxd3 Nc5 32. Nxc5 Bxc5 33. Nc1 Nd4 34. Nd3 Bf8 35. Rf1 Ne6 36. Be5 Ra7 37. f4 Rb7 38. f5 Nc5 39. Kc2 Nxd3 40. Kxd3 gxf5 41. Rxf5 Ra7 42. Rf2 Bg7 43. Kd4 Bxe5+ 44. Kxe5 Ra5 45. Rc2 Kg7 46. Rf2 Rc5 47. Kd4 Rb5 48. Rc2 f5 49. Rf2 Kg6 50. Re2 Rb8 51. Re6+ Kg7 52. Rc6 f4 0-1

[Event "December 5 Early 2023"]
[Site "https://www.chess.com"]
[Date "2023.12.05"]
[Round "3"]
[White "Begunov, Konstantin"]
[Black "Dyulgerov, Volen"]
[Result "0-1"]
[Board "209"]
[TimeControl "180+1"]
[WhiteFideId "4118510"]
[BlackFideId "2918978"]
[WhiteElo "2437"]
[BlackElo "2230"]
[WhiteTeam "RUS"]
[BlackTeam "BUL"]
[WhiteClock "0:00:07"]
[BlackClock "0:00:04"]

1. d4 e5 2. dxe5 d6 3. Nf3 Nc6 4. Bg5 Qd7 5. exd6 Bxd6 6. Nc3 Qf5 7. e3 h6 8. Bh4 Be6 9. Nd4 Nxd4 10. Qxd4 Nf6 11. Bd3 Qa5 12. Bxf6 gxf6 13. Qxf6 Rg8 14. O-O Qh5 15. g3 Be5 16. Be2 Bg4 17. Bxg4 Rxg4 18. Nd5 Kf8 19. Qe7+ Kg8 20. Nf6+ Bxf6 21. Qxf6 Rg6 22. Qf4 Re8 23. Rfd1 Ree6 24. Rd8+ Kg7 25. Qd4+ Ref6 26. Rf1 c5 27. Qc3 Qf3 28. Qe5 Rg5 29. Qe8 Kg6 30. Qg8+ Kh5 31. Qh7 Kg4 32. Qd3 Kh3 33. Qd7+ Rg4 34. Qxg4+ Kxg4 35. Rfd1 Kh3 36. Kf1 Qxf2# 0-1

[Event "December 5 Early 2023"]
[Site "https://www.chess.com"]
[Date "2023.12.05"]
[Round "3"]
[White "NastyaHn"]
[Black "Escudero Donoso, Felipe"]
[Result "0-1"]
[Board "210"]
[TimeControl "180+1"]
[BlackFideId "3410595"]
[WhiteElo "2224"]
[BlackElo "2424"]
[BlackTeam "CHI"]
[WhiteClock "0:00:00"]
[BlackClock "0:00:02"]

1. Nc3 d5 2. e4 dxe4 3. Nxe4 Nd7 4. d4 Ngf6 5. Nxf6+ Nxf6 6. Nf3 e6 7. Be2 b6 8. O-O Bb7 9. Be3 Be7 10. c4 O-O 11. Qc2 Be4 12. Qb3 c5 13. Rfd1 cxd4 14. Nxd4 Qc7 15. Bf3 Bxf3 16. Nxf3 Rac8 17. Rac1 Rfd8 18. h3 Ne4 19. Qc2 Qb7 20. Rxd8+ Bxd8 21. b3 Bf6 22. Bd4 h6 23. Bxf6 Nxf6 24. Qd3 Nd5 25. Rd1 Nf4 26. Qe3 g5 27. h4 Qe7 28. g3 Ng6 29. hxg5 hxg5 30. Qxg5 Qb7 31. Qe3 Rc5 32. Rd8+ Kg7 33. Qc3+ f6 34. Qd3 Rc7 35. Nd4 Kf7 36. Nxe6 Ne5 37. Ng5+ fxg5 38. Qf5+ Ke7 39. Rd5 Nf7 40. Qe4+ Kf8 41. Qg6 Re7 42. Qf6 Qc7 43. Kg2 Rd7 44. Rf5 Qb7+ 0-1

[Event "December 5 Early 2023"]
[Site "https://www.chess.com"]
[Date "2023.12.05"]
[Round "3"]
[White "Muetsch, Annmarie"]
[Black "Verbin, Valentina"]
[Result "1-0"]
[Board "212"]
[TimeControl "180+1"]
[WhiteFideId "12971367"]
[BlackFideId "13905910"]
[WhiteElo "2413"]
[BlackElo "2218"]
[WhiteTeam "GER"]
[BlackTeam "MDA"]
[WhiteClock "0:00:46"]
[BlackClock "0:00:00"]

1. d3 e5 2. Nd2 d5 3. e4 Nf6 4. Ngf3 Nc6 5. Be2 Be7 6. c3 O-O 7. Qc2 a5 8. h3 h6 9. g4 dxe4 10. dxe4 Nh7 11. h4 Bxg4 12. Rg1 h5 13. Nc4 Bxh4 14. Nfxe5 Nxe5 15. Nxe5 Bxe2 16. Qxe2 Re8 17. Qxh5 Qf6 18. Nf3 Rxe4+ 19. Kf1 g6 20. Rg4 Kh8 21. Qxh4 Rxg4 22. Qxg4 Rd8 23. Be3 b6 24. Bd4 1-0

[Event "December 5 Early 2023"]
[Site "https://www.chess.com"]
[Date "2023.12.05"]
[Round "3"]
[White "Skaric, Djuro"]
[Black "Florianovitz, Derlei Alex"]
[Result "1-0"]
[Board "213"]
[TimeControl "180+1"]
[WhiteFideId "934569"]
[BlackFideId "2114178"]
[WhiteElo "2409"]
[BlackElo "2215"]
[WhiteTeam "SRB"]
[BlackTeam "BRA"]
[WhiteClock "0:01:57"]
[BlackClock "0:00:00"]

1. g3 c5 2. Bg2 Nc6 3. d3 g6 4. Nc3 Bg7 5. e4 e5 6. f4 d6 7. Nf3 Nge7 8. O-O O-O 9. Be3 Nd4 10. h3 h6 11. Qd2 Kh7 12. Kh2 Be6 13. Rf2 Nxf3+ 14. Bxf3 Rb8 15. Raf1 f5 16. fxe5 dxe5 17. Bg2 c4 18. exf5 Nxf5 19. Be4 cxd3 20. cxd3 b6 21. g4 Nxe3 22. Qxe3 Qh4 23. Qg3 Qxg3+ 24. Kxg3 Rxf2 25. Rxf2 Rd8 26. h4 Rd7 27. h5 Kg8 28. hxg6 Bf8 29. Rf6 Rd6 30. Rxe6 Rxe6 31. Bd5 Kg7 32. Bxe6 Kxg6 33. Ne4 Be7 34. Bf5+ Kg7 35. Kf3 Kf7 36. Ke3 Kg7 37. Kd2 Kf7 38. Kc2 Kg7 39. Kb3 a6 40. Kc4 Kf7 41. Kd5 Kg7 42. Kxe5 Bb4 43. d4 Be1 44. d5 1-0

[Event "December 5 Early 2023"]
[Site "https://www.chess.com"]
[Date "2023.12.05"]
[Round "3"]
[White "Marchesich, Giovanni"]
[Black "Cagara, Paulina"]
[Result "0-1"]
[Board "214"]
[TimeControl "180+1"]
[WhiteFideId "2824790"]
[BlackFideId "1124870"]
[WhiteElo "2409"]
[BlackElo "2198"]
[WhiteTeam "ITA"]
[BlackTeam "POL"]
[WhiteClock "0:00:43"]
[BlackClock "0:01:02"]

1. e4 c6 2. Ne2 d5 3. e5 Bf5 4. Ng3 Bg6 5. h4 h5 6. e6 Nf6 7. d4 Qd6 8. exf7+ Bxf7 9. Bd3 Nbd7 10. Nd2 e5 11. O-O e4 12. Be2 O-O-O 13. c4 e3 14. Nf5 exf2+ 15. Rxf2 Qc7 16. c5 Nxc5 17. dxc5 Bxc5 18. Nb3 Bxf2+ 19. Kxf2 Ne4+ 20. Kg1 g6 21. Nfd4 Qg3 22. Qf1 Rhf8 23. Bf4 Qxh4 24. Rc1 Be8 25. Ne6 Bd7 26. Nxf8 Rxf8 27. g3 Nxg3 28. Bxg3 Rxf1+ 29. Kxf1 Qxg3 30. Rc3 Bh3# 0-1

[Event "December 5 Early 2023"]
[Site "https://www.chess.com"]
[Date "2023.12.05"]
[Round "3"]
[White "Nechitaylo, Nikita"]
[Black "Mushini Ajay"]
[Result "0-1"]
[Board "215"]
[TimeControl "180+1"]
[WhiteFideId "34138161"]
[BlackFideId "35066188"]
[WhiteElo "2199"]
[BlackElo "2407"]
[WhiteTeam "UKR"]
[BlackTeam "IND"]
[WhiteClock "0:00:04"]
[BlackClock "0:01:35"]

1. d4 c5 2. d5 d6 3. c4 b5 4. cxb5 a6 5. bxa6 Bxa6 6. Nc3 Nf6 7. e4 Bxf1 8. Kxf1 g6 9. g3 Bg7 10. Nf3 O-O 11. Kg2 Nbd7 12. a4 Qa5 13. Ra3 Rfb8 14. Nd2 Ne5 15. Qc2 Qb4 16. f4 Nc4 17. Nxc4 Qxc4 18. b3 Qb4 19. Re1 Ng4 20. Bb2 c4 21. h3 Nh6 22. Rb1 cxb3 23. Qd3 f5 24. e5 dxe5 25. Nb5 e4 26. Qe2 Bxb2 27. Rxb2 Rxb5 28. Qxb5 Qxb5 29. axb5 Rxa3 30. b6 Ra8 31. Rxb3 Rb8 32. Rb5 Nf7 33. Kf2 Nd6 34. Rb4 Nc8 35. b7 Nd6 36. Ke3 Rxb7 37. Rxb7 Nxb7 38. Kd4 Nd6 39. Ke3 Kf7 40. g4 Kf6 41. g5+ Kf7 42. h4 e6 43. dxe6+ Kxe6 44. Kd4 Nb5+ 45. Ke3 Kd5 46. h5 Nd4 47. hxg6 hxg6 48. Kf2 Nc2 49. Ke2 Kd4 50. Kd2 Ne3 51. Ke2 Nd5 52. Kd2 Nxf4 53. Ke1 Ne6 54. Kf2 Nxg5 0-1

[Event "December 5 Early 2023"]
[Site "https://www.chess.com"]
[Date "2023.12.05"]
[Round "3"]
[White "Zoete, Roelant"]
[Black "Szyszylo, Rafal"]
[Result "1/2-1/2"]
[Board "217"]
[TimeControl "180+1"]
[WhiteFideId "40103269"]
[BlackFideId "1109626"]
[WhiteElo "2192"]
[BlackElo "2401"]
[WhiteTeam "NED"]
[BlackTeam "POL"]
[WhiteClock "0:00:15"]
[BlackClock "0:00:06"]

1. e4 d6 2. d4 Nf6 3. Nc3 g6 4. Be3 Nc6 5. Qd2 e5 6. d5 Nd4 7. Bxd4 exd4 8. Qxd4 Bg7 9. f3 O-O 10. Qe3 Re8 11. Bc4 a6 12. a4 Rb8 13. a5 c5 14. Nge2 b5 15. axb6 Qxb6 16. b3 Nd7 17. Rd1 Ne5 18. Bd3 f5 19. O-O fxe4 20. Bxe4 Bd7 21. Kh1 Nf7 22. Qf2 Qb4 23. Nb1 a5 24. Nd2 a4 25. bxa4 Qxa4 26. Qg3 Bb5 27. Rfe1 Be5 28. Qh3 Ng5 29. Qg4 Nf7 30. Ng3 Bg7 31. Ndf1 Bd7 32. Qh4 Rb4 33. Nd2 Rd4 34. Qf4 Be5 35. Qe3 Qa2 36. c3 Ra4 37. Nb1 Qb2 38. Ne2 Bg7 39. Rd2 Qb8 40. Rdd1 Ra3 41. Qd2 Ra1 42. Ng3 Ne5 43. Qc2 Nc4 44. Nd2 Rxd1 45. Qxd1 Nxd2 46. Qxd2 Qb3 47. Rb1 Qxc3 48. Qxc3 Bxc3 49. h3 Ba4 50. Ne2 Be5 51. Rb7 c4 52. Nc1 c3 53. Kg1 Bd1 54. Kf2 c2 55. Ke1 Bf4 56. Nb3 c1=Q 57. Nxc1 Bxc1 58. Kxd1 Bf4 59. Rd7 Be5 60. Ke2 Ra8 61. Kd3 Ra3+ 62. Kc2 Ra2+ 63. Kb3 Rxg2 64. Rd8+ Kg7 65. Rd7+ Kh6 66. Kc4 Rg3 67. Kb5 Rxh3 68. Kc6 Rh2 69. Rxd6 Bxd6 70. Kxd6 Rd2 71. Ke6 Kg5 72. d6 Kf4 73. Ke7 h5 74. d7 g5 75. d8=Q Rxd8 76. Kxd8 g4 77. fxg4 hxg4 78. Bg2 Kg3 79. Ba8 Kf2 80. Ke7 g3 81. Kf6 g2 82. Bxg2 1/2-1/2

[Event "December 5 Early 2023"]
[Site "https://www.chess.com"]
[Date "2023.12.05"]
[Round "3"]
[White "Zainullina, Nataliya"]
[Black "Chaika, Vitalii"]
[Result "1-0"]
[Board "218"]
[TimeControl "180+1"]
[WhiteFideId "4145488"]
[BlackFideId "14111802"]
[WhiteElo "2192"]
[BlackElo "2400"]
[WhiteTeam "RUS"]
[BlackTeam "UKR"]
[WhiteClock "0:01:16"]
[BlackClock "0:00:00"]

1. Nf3 d5 2. b3 c6 3. Bb2 Bf5 4. e3 e6 5. Be2 h6 6. O-O Nf6 7. c4 Nbd7 8. Nc3 Be7 9. Rc1 O-O 10. d4 a5 11. h3 Ne4 12. Nxe4 Bxe4 13. Bd3 Bxd3 14. Qxd3 f5 15. Ne5 Nxe5 16. dxe5 a4 17. cxd5 cxd5 18. Qb5 axb3 19. axb3 Ra2 20. Bd4 f4 21. Qxb7 fxe3 22. Bxe3 Bg5 23. Rc7 1-0

[Event "December 5 Early 2023"]
[Site "https://www.chess.com"]
[Date "2023.12.05"]
[Round "3"]
[White "Zampronha, Wladimir Camilo"]
[Black "Golubenko, Valentina"]
[Result "0-1"]
[Board "219"]
[TimeControl "180+1"]
[WhiteFideId "2103087"]
[BlackFideId "4501993"]
[WhiteElo "2400"]
[BlackElo "2191"]
[WhiteTeam "BRA"]
[BlackTeam "CRO"]
[WhiteClock "0:00:00"]
[BlackClock "0:00:09"]

1. e4 e6 2. d4 d5 3. Nc3 c5 4. exd5 exd5 5. Nf3 Nf6 6. g3 Be7 7. Bg2 O-O 8. O-O cxd4 9. Nxd4 Nc6 10. Bg5 Qb6 11. Nb3 d4 12. Bxf6 Bxf6 13. Nd5 Qd8 14. Nxf6+ Qxf6 15. Qd2 Bf5 16. Rfe1 Rfd8 17. Rad1 Rac8 18. Be4 Bg4 19. f3 Bh3 20. Qf2 a5 21. Rd2 a4 22. Nc5 Nb4 23. Nxb7 Rd7 24. a3 Nd5 25. Rxd4 Rxb7 26. Rxd5 Rxb2 27. Rh5 Be6 28. Bxh7+ Kf8 29. Bd3 g6 30. Rc5 Rcb8 31. Rc7 Kg7 32. Rc6 Rb1 33. Rxb1 Rxb1+ 34. Kg2 Bh3+ 35. Kxh3 Qxc6 36. Qd4+ Kh7 37. Qh4+ Kg8 38. Qg5 Qe6+ 39. g4 Re1 40. Qd8+ Kg7 41. Qd4+ f6 42. Qxa4 Re3 43. Kg3 g5 44. Qa7+ Kf8 45. Qd4 Re5 46. Kf2 Kg7 47. Qa7+ Kf8 48. Qd4 Rd5 49. Qc4 Re5 50. Bf5 Qxc4 0-1

[Event "December 5 Early 2023"]
[Site "https://www.chess.com"]
[Date "2023.12.05"]
[Round "3"]
[White "Zaksaite, Salomeja"]
[Black "Petersson, Kjell"]
[Result "1-0"]
[Board "221"]
[TimeControl "180+1"]
[WhiteFideId "12801496"]
[BlackFideId "1705148"]
[WhiteElo "2400"]
[BlackElo "2176"]
[WhiteTeam "LTU"]
[BlackTeam "SWE"]
[WhiteClock "0:00:08"]
[BlackClock "0:00:01"]

1. e3 f5 2. f4 Nf6 3. Nf3 e6 4. b3 b6 5. Bb2 Bb7 6. d3 Be7 7. Nbd2 O-O 8. Qe2 a5 9. a4 Nc6 10. h3 Nb4 11. O-O-O b5 12. c3 Nbd5 13. c4 bxc4 14. dxc4 Nb4 15. Ne5 Rb8 16. Rg1 Ne4 17. g4 Nxd2 18. Qxd2 d6 19. gxf5 Bf6 20. Ng4 Bxb2+ 21. Qxb2 Rf7 22. fxe6 Re7 23. Nh6+ Kf8 24. Nf5 Be4 25. Nxg7 Na2+ 26. Qxa2 Rxg7 27. Be2 Qf6 28. Qb2 Qxb2+ 29. Kxb2 Rxg1 30. Rxg1 Re8 31. Bg4 Ke7 32. f5 Rf8 33. Kc3 Bxf5 34. Bxf5 Rxf5 35. Rg7+ Kxe6 36. Rxh7 Rf3 37. Kd4 Rf1 38. h4 c5+ 39. Ke4 Rb1 40. h5 Rxb3 41. h6 Rb1 42. Ra7 Rh1 43. h7 Rh4+ 44. Kf3 Rh3+ 45. Kg4 Rh6 46. Kg5 Rh1 47. Kg6 Rg1+ 48. Kh6 Rh1+ 49. Kg7 Rg1+ 50. Kf8 Rf1+ 51. Kg8 Rg1+ 52. Rg7 Rb1 53. h8=Q Rb8+ 54. Kh7 Rxh8+ 55. Kxh8 Ke5 56. Re7+ Kf6 57. Re8 Kf5 58. e4+ Kf6 59. Kh7 1-0

[Event "December 5 Early 2023"]
[Site "https://www.chess.com"]
[Date "2023.12.05"]
[Round "3"]
[White "Marcziter, Dmitrii"]
[Black "Dimitrijevic, Darko"]
[Result "0-1"]
[Board "222"]
[TimeControl "180+1"]
[WhiteFideId "13900765"]
[BlackFideId "14500892"]
[WhiteElo "2394"]
[BlackElo "2163"]
[WhiteTeam "GER"]
[BlackTeam "CRO"]
[WhiteClock "0:00:00"]
[BlackClock "0:00:04"]

1. d4 Nf6 2. c4 e6 3. Nf3 b6 4. a3 Ba6 5. Qc2 c5 6. e4 d6 7. Nc3 Be7 8. e5 Nfd7 9. Qe4 d5 10. cxd5 Bb7 11. Bc4 O-O 12. O-O a6 13. Qg4 b5 14. Ba2 exd5 15. Nxd5 c4 16. Bh6 g6 17. Nxe7+ Qxe7 18. Bxf8 Nxf8 19. Rad1 Bd5 20. Bb1 Ne6 21. Rfe1 Nd7 22. h4 Nb6 23. h5 Kg7 24. Be4 Rd8 25. Bxd5 Nxd5 26. Nd2 c3 27. bxc3 Nxc3 28. Ne4 Nxd1 29. Rxd1 Nxd4 30. f4 Qxa3 31. h6+ Kf8 32. Qh4 Ne2+ 33. Kf2 Rxd1 34. Qf6 Ke8 35. Nd6+ Kd7 36. Qxf7+ Kc6 37. Qe8+ Kc5 38. Qc8+ Kb4 39. Kxe2 Qd3+ 40. Kf2 Rd2+ 41. Kg1 Rd1+ 42. Kh2 Qd4 43. Qf8 Ka4 0-1

[Event "December 5 Early 2023"]
[Site "https://www.chess.com"]
[Date "2023.12.05"]
[Round "3"]
[White "Pertinez Soria, Juan Luis"]
[Black "Hoffmann, Asa"]
[Result "0-1"]
[Board "223"]
[TimeControl "180+1"]
[WhiteFideId "2225620"]
[BlackFideId "2001470"]
[WhiteElo "2152"]
[BlackElo "2382"]
[WhiteTeam "ESP"]
[BlackTeam "USA"]
[WhiteClock "0:00:00"]
[BlackClock "0:00:32"]

1. e4 d6 2. d4 Nf6 3. Nc3 c6 4. Be3 Ng4 5. Bg5 Qb6 6. Qd2 e5 7. Nf3 f6 8. Bh4 h5 9. h3 Nh6 10. O-O-O Nd7 11. Bc4 Nf7 12. Bb3 g5 13. Bg3 h4 14. Bh2 Bh6 15. Qe2 g4+ 16. Kb1 gxf3 17. Qc4 Rf8 18. Qe6+ Kd8 19. dxe5 fxg2 20. Rhg1 Kc7 21. exf6 Nde5 22. Qe7+ Bd7 23. Rxd6 Rae8 24. Rxd7+ Kc8 25. Qd6 Nxd6 26. Rxd6 Qxf2 27. f7 Rd8 28. Rxd8+ Rxd8 29. a4 Bf8 30. Be6+ Nd7 31. Ka2 b5 0-1

[Event "December 5 Early 2023"]
[Site "https://www.chess.com"]
[Date "2023.12.05"]
[Round "3"]
[White "Matveeva, Olga"]
[Black "pauliukevicius"]
[Result "1-0"]
[Board "224"]
[TimeControl "180+1"]
[WhiteFideId "24107018"]
[WhiteElo "2375"]
[BlackElo "2141"]
[WhiteTeam "RUS"]
[WhiteClock "0:01:08"]
[BlackClock "0:00:00"]

1. d4 Nf6 2. c4 e6 3. g3 d5 4. Nf3 Bb4+ 5. Bd2 a5 6. Bg2 dxc4 7. O-O O-O 8. Qc2 b5 9. a4 Bb7 10. axb5 c6 11. Bxb4 axb4 12. Rxa8 Bxa8 13. Qxc4 cxb5 14. Qxb4 Nc6 15. Qxb5 Nxd4 16. Nxd4 Qxd4 17. Nc3 Bxg2 18. Kxg2 Ne4 19. Nxe4 Qxe4+ 20. f3 Qe3 21. Rd1 h6 22. Qd3 Qe5 23. b4 Rb8 24. Rb1 Ra8 25. b5 Ra2 26. Kf1 Qh5 27. h4 Qe5 28. Kf2 Qc5+ 29. Kg2 Qe5 30. Kf2 Qc5+ 31. Qe3 Qc2 32. Rb3 1-0

[Event "December 5 Early 2023"]
[Site "https://www.chess.com"]
[Date "2023.12.05"]
[Round "3"]
[White "Barath1308"]
[Black "Osiecki, Stanislaw"]
[Result "1-0"]
[Board "225"]
[TimeControl "180+1"]
[BlackFideId "1102990"]
[WhiteElo "2374"]
[BlackElo "2133"]
[BlackTeam "POL"]
[WhiteClock "0:00:57"]
[BlackClock "0:00:38"]

1. d4 Nf6 2. Nf3 d6 3. g3 g6 4. Bg2 Bg7 5. O-O O-O 6. c4 Nbd7 7. Nc3 e5 8. h3 c6 9. e4 a5 10. Be3 Nh5 11. Re1 Qe7 12. Qc2 f5 13. Bg5 Bf6 14. Bxf6 Qxf6 15. exf5 gxf5 16. Rad1 e4 17. Nh2 Kh8 18. Qe2 Qg6 19. Qe3 Ndf6 20. d5 c5 21. Nb5 Nd7 22. Nc7 Rb8 23. Ne6 Rg8 24. g4 fxg4 25. Bxe4 Qf6 26. hxg4 Qxb2 27. Qh6 Nhf6 28. Ng5 Nf8 29. Nf7# 1-0